 Dungeon Crawl Stone Soup version 0.19-a0-1035-gdbfb0c6 (webtiles) character file.

47 JustSomeDude the Skirmisher (level 3, -8/29 HPs)
             Began as a Demonspawn Monk on July 29, 2016.
             Mangled by Sigmund
             ... wielding a +0 scythe
              (11 damage)
             ... on level 2 of the Dungeon.
             The game lasted 00:01:37 (972 turns).

JustSomeDude the Skirmisher (Demonspawn Monk)        Turns: 972, Time: 00:01:37

Health: -8/29      AC:  5    Str: 12    XL:     3   Next: 48%
Magic:  3/3        EV: 12    Int: 11    God:
Gold:   75         SH:  0    Dex: 15    Spells: 0 memorised, 2 levels left

rFire  . . .     SeeInvis .     a - +0 hand axe
rCold  . . .     Gourm    .     o - +0 ring mail
rNeg   . . .     Faith    .     (no shield)
rPois  .         Spirit   .     (no helmet)
rElec  .         Dismiss  .     (no cloak)
rCorr  .         Reflect  .     (no gloves)
SustAt .         Harm     .     (no boots)
MR     .....                    (no amulet)
Stlth  ..........               (no ring)
                                (no ring)

@: confused, not resistant to hostile enchantments, extremely unstealthy
A: powered by death 1
a: no special abilities


You were on level 2 of the Dungeon.
You were not hungry.

You visited 1 branch of the dungeon, and saw 2 of its levels.

You collected 75 gold pieces.

Inventory:

Hand Weapons
 a - a +0 hand axe (weapon)
Armour
 b - a +0 robe
 o - a +0 ring mail (worn)
Wands
 k - a wand of acid (6/15)
Scrolls
 e - 3 scrolls of identify
 f - a scroll of blinking {unknown}
 g - a scroll of noise {unknown}
 j - 2 scrolls of remove curse {unknown}
 m - a scroll of random uselessness {unknown}
 p - a scroll of fear {unknown}
Potions
 h - a potion of heal wounds {unknown}
 i - a potion of lignification {unknown}
 l - a potion of cure mutation
Comestibles
 c - 2 bread rations
 d - 2 meat rations
 n - 3 chunks of flesh


   Skills:
 + Level 3.4 Fighting
 + Level 3.1 Axes
 + Level 3.2 Dodging
 + Level 2.1 Stealth


You had 2 spell levels left.
You didn't know any spells.

Dungeon Overview and Level Annotations

Branches:
Dungeon (2/15)

Altars:
Xom

Annotations:
D:2 Sigmund


Innate Abilities, Weirdness & Mutations

You regenerate a little health from kills.


Message History

There is a strange disturbance nearby!
No target in view!
There is a strange disturbance nearby!
There is a strange disturbance nearby!
No target in view!
There is a strange disturbance nearby!
No target in view!
Something hits you!
You miss something. You miss something.
You hear some strange, mumbled words.
You are confused.
You barely miss something.
You hear some strange, mumbled words.
A puff of flame appears from out of thin air!
The puff of flame misses you. Something hits you!
* * * LOW HITPOINT WARNING * * *
It was a potion of cure mutation.
It has a very clean taste.
You're too confused to move!
Something hits you!
You die...

##...8.8...#######.#
##...8.............
#.......######...#
#############..###
#.(.#
#................###
#...#
#.########.#####...#
#...# #.#
#........#.# #....
#.# ##{#####...#
#.#.# #.# #@# #..##
#.#.# #.# #.# #..#
#.#.# #.# #.# #..#
#.#.# #.# #.# #..#
#.#.# ###.# #.# #..#
#.#.# #...########.#
#..#####.#.#
#............#
#........#.#
#.(...########
#.......†<..
##......#
####..######


There were no monsters in sight!

Vanquished Creatures
  An adder (D:2)
  2 dart slugs
  A giant gecko (D:1)
  6 bats (D:1)
  3 goblins
  4 hobgoblins
  A quokka (D:2)
  A ball python (D:1)
  4 giant newts
  7 kobolds
  2 rats (D:1)
32 creatures vanquished.

Notes
Turn   | Place    | Note
-------+----------+-------------------------------------------
     0 | D:1      | JustSomeDude the Demonspawn Monk began the quest for the Orb.
     0 | D:1      | Reached XP level 1. HP: 18/18 MP: 1/1
   200 | D:1      | Gained mutation: You regenerate a little health from kills. [demonic ancestry]
   200 | D:1      | Reached XP level 2. HP: 20/24 MP: 2/2
   261 | D:1      | Found a shimmering altar of Xom.
   708 | D:2      | Reached XP level 3. HP: 29/29 MP: 3/3
   921 | D:2      | Found a faded altar of an unknown god.
   938 | D:2      | Noticed Sigmund
   972 | D:2      | Mangled by Sigmund

Vault maps used:
D:1:      eino_arrival_cavern_a, st_stairs_9, xom_teletrap_fun
D:2:      ecumenical_altar_2, uniq_crazy_yiuf_cottage, uniq_terence,
          uniq_sigmund

Skill      XL: |  1  2 |
---------------+-------+-----
Axes           | 3 |  3.1
Stealth        | 2 |  2.1
Dodging        | 3 |  3.2
Fighting       | |  3.4

Action                   || total
-------------------------++-------
Melee: Hand axe          ||   104
  Use: Scroll            ||     1
       Potion            ||     1
 Stab: Sleeping          ||     8
Armor: Robe              ||    16
Dodge: Dodged            ||    68
